AoeStats
← Doskoi1312

Arabia

505998131Analyzed
1v1 RM · 21d ago on Sep 12, 2026· 26m 38s· 2 players
Game mode
Random Map
Map size
Tiny (2 player)
Population
200
Speed
Normal
Resources
Standard
Victory
Conquest
Starting age
Dark Age
Ending age
Imperial Age
RankedLock teamsTeams togetherTeam positionsShared explorationLock speedFull tech treeHidden civsTurbo modeCheats
Victory
Defeat
🇹🇼 Byzantines · Taiwan
866
+17
🇨🇱 Mapuche · Chile
878
-39
諸葛村夫
7:44 Loom
10:03 Feudal Age
10:34 Double-Bit Axe
10:31 Horse Collar
19:13 Wheelbarrow
22:24 Castle Age
20:19 Gold Mining
20:52 Scale Barding Armor
20:58 Forging
21:11 Fletching
21:23 Padded Archer Armor
24:49 Bow Saw
25:45 Heavy Plow
Doskoi1312
5:46 Loom
9:57 Feudal Age
16:18 Castle Age
24:04 Double-Bit Axe
Connection lost

Rejoining the realm…

Still unreachable

The connection could not be restored.

Session expired

The server has moved on; the page needs a fresh start.